 Dungeon Crawl Stone Soup version 0.29-a0-757-g358383bc75 (webtiles) character file.

Game seed: 17530349306848263944

364 Brotato the Firebug (level 6, -4/45 HPs)
             Began as a Draconian Fire Elementalist on June 30, 2022.
             Slain by a black bear (8 damage)
             ... on level 4 of the Dungeon.
             The game lasted 00:12:59 (4683 turns).

Brotato the Firebug (Draconian Fire Elementalist)   Turns: 4683, Time: 00:12:59

Health: -4/45      AC:  6    Str: 10    XL:     6   Next: 39%
Magic:  3/11       EV: 12    Int: 18    God:
Gold:   116        SH:  0    Dex: 11    Spells: 9/12 levels left

rFire   . . .      SeeInvis .   x - +1 short sword
rCold   . . .      Faith    .   (no shield)
rNeg    . . .      Spirit   .   (body armour unavailable)
rPois   .          Reflect  .   (helmet restricted)
rElec   .          Harm     .   (no cloak)
rCorr   .          Rampage  .   (no gloves)
Will    .....                   (no boots)
Stlth   ++........              (no amulet)
HPRegen 0.15/turn               (no ring)
MPRegen 0.12/turn               (no ring)

@: no status effects
A: AC +6, unfitting armour, cold-blooded
a: no special abilities


You were on level 4 of the Dungeon.
You visited 1 branch of the dungeon, and saw 4 of its levels.

You collected 116 gold pieces.

Inventory:

Hand Weapons
 g - a +2 whip of distortion
 x - a +1 short sword (weapon)
Missiles
 h - 15 poisoned darts
Armour
 l - a +0 chain mail
 v - the +1 kite shield of the Elven Halls {Regen+}
   (You found it on level 3 of the Dungeon)

   Regen:     It increases your rate of health regeneration.
Wands
 u - a wand of mindburst (14)
Scrolls
 b - 2 scrolls of magic mapping {unknown}
 c - 3 scrolls of identify {unknown}
 j - a scroll of enchant weapon
 m - 2 scrolls of teleportation {unknown}
 p - a scroll of torment {unknown}
 q - a scroll of immolation {unknown}
 s - a scroll of fear {unknown}
Potions
 a - a potion of magic
 d - 2 potions of heal wounds {unknown}
 e - a potion of berserk rage {unknown}
 f - 2 potions of curing {unknown}
 i - a potion of mutation {unknown}
 k - 2 potions of flight {unknown}
 n - a potion of attraction {unknown}
 o - a potion of resistance {unknown}
 r - a potion of invisibility {unknown}
 t - 2 potions of brilliance {unknown}
 w - a potion of lignification {unknown}


   Skills:
 - Level 2.7 Dodging
 - Level 2.9 Stealth
 * Level 2.3 Shields
 - Level 3.6 Spellcasting
 - Level 2.6 Conjurations
 - Level 3.8 Fire Magic


You had 9 spell levels left.
You knew the following spells:

 Your Spells              Type           Power      Damage    Failure   Level
a - Foxfire               Conj/Fire      56%        2x1d6     4%          1
b - Scorch                Fire           34%        2d6       4%          2

Your spell library contained the following spells:

 Spells                   Type           Power      Damage    Failure   Level
 Conjure Flame            Conj/Fire      14%        6-21      12%         3
 Inner Flame              Hex/Fire       10%        N/A       22%         3
 Flame Wave               Conj/Fire      14%        2d6       38%         4


Dungeon Overview and Level Annotations

Branches:
Dungeon (4/15)
 Temple: D:4-7

Altars:
Hepliaklqana
Makhleb
Uskayaw
Yredelemnul

Shops:
D:1 *   D:2 *   D:3 *


Innate Abilities, Weirdness & Mutations

Your plain brown scales are hard. (AC +6)
You cannot fit into any form of body armour.
You are cold-blooded and may be slowed by cold attacks.


Message History

Confirm with . or Enter, or press ? or * to list all spells.
Flames lash the black bear.
The black bear is severely wounded.
The black bear's fire resistance burns away.
The black bear bites you. The black bear closely misses you.
The black bear misses you.
Casting: Foxfire (safe; 4% risk of failure)
Press: ? - help, Q - select action, (/) - cycle Dir - look around, f - activate You conjure some foxfire!
The black bear barely misses you.
The black bear claws you but does no damage.
The black bear closely misses you.
Your foxfire dissipates!
The foxfire hits the black bear!
The black bear is burned terribly!
The black bear is almost dead.
The black bear goes berserk!
The black bear is no longer more vulnerable to fire.
The black bear rages.
The black bear bites you but does no damage.
The black bear claws you. x2
Casting: Foxfire (safe; 4% risk of failure)
Press: ? - help, Q - select action, (/) - cycle Dir - look around, f - activate You conjure some foxfire!
The black bear bites you! The black bear closely misses you.
The black bear claws you.
The foxfire hits the black bear.
The black bear is almost dead.
The foxfire hits the iguana.
The iguana is moderately wounded.
The black bear bites you!
* * * LOW HITPOINT WARNING * * *
The black bear claws you.
* * * LOW HITPOINT WARNING * * *
The black bear claws you but does no damage.
Okay, then.
As you read the scroll labelled LALETOG IWOHI, it crumbles to dust.
It is a scroll of enchant weapon.
Your +0 short sword glows red for a moment.
The black bear bites you!
You die...

##.## ###'##....#
##.#########.##..###
......#........†..#
(.....#...........#
##..###..[###....####
#######...# #.......#
.....#########.....##
.§..#..≈≈≈≈≈..#.hl.#
##..#.≈.§...≈.#§@..#
#####.§.§≈§.≈§#...#######
....#.≈≈)..≈§.#...##....##
....#§≈≈._.≈≈§#...##.....#
##..#§§≈§.§≈§.#..........#
##..#.≈.≈§≈.§§#.....†....#
.#..#.≈..§§§≈.#.......<..#
.#..#..≈≈≈≈≈..#..........#
###..#########.########..#


You could see a black bear (berserk) and an iguana.

Vanquished Creatures
  Sigmund (D:3)
  A necrophage (D:4)
  A howler monkey (D:4)
  5 adders
  A dart slug (D:1)
  10 orcs
  6 endoplasms
  A giant cockroach (D:1)
  5 hobgoblins
  7 jackals
  3 quokkas
  5 ball pythons
  3 bats
  3 goblins
  4 kobolds
  3 rats
59 creatures vanquished.

Vanquished Creatures (collateral kills)
  A foxfire (D:1)
1 creature vanquished.

Vanquished Creatures (others)
  172 foxfires
  2 plants (D:3)
174 creatures vanquished.

Grand Total: 234 creatures vanquished

Notes
Turn   | Place    | Note
-------+----------+-------------------------------------------
     0 | D:1      | Brotato the Draconian Fire Elementalist began the quest for
                  | the Orb.
     0 | D:1      | Reached XP level 1. HP: 14/14 MP: 3/3
    58 | D:1      | Found Ilou's Assorted Antiques.
   643 | D:1      | Reached XP level 2. HP: 20/20 MP: 1/5
  1119 | D:1      | Found a faded altar of an unknown god.
  1611 | D:2      | Reached XP level 3. HP: 17/26 MP: 4/6
  1791 | D:2      | Found Hycu's Assorted Antiques.
  1929 | D:2      | Learned a level 2 spell: Scorch
  2558 | D:3      | Reached XP level 4. HP: 33/33 MP: 0/8
  2719 | D:3      | Found Zumo's General Store.
  2783 | D:3      | Noticed Sigmund
  3513 | D:3      | Killed Sigmund
  3514 | D:3      | Reached XP level 5. HP: 38/38 MP: 4/10
  3605 | D:3      | Found a basalt altar of Yredelemnul.
  3776 | D:3      | Found a hazy altar of Hepliaklqana.
  4209 | D:3      | Found a burning altar of Makhleb.
  4213 | D:3      | Identified the +1 kite shield of the Elven Halls {Regen+}
  4324 | D:4      | Noticed a black bear
  4379 | D:4      | Reached skill level 1 in Shields
  4379 | D:4      | Reached XP level 6. HP: 45/45 MP: 6/11
  4448 | D:4      | Found a hide-covered altar of Uskayaw.
  4683 | D:4      | Slain by a black bear

Illustrated notes

Levels and vault maps discovered:
D:1:      amcnicky_arrival_flooded_fountain, layout_loops_cross,
          dreamdust_ecumenical_altar_hidden_monk_grotto, serial_shops, shop,
          minmay_splitting_lines
D:2:      layout_basic, serial_shops, shop
D:3:      layout_loops_ring, mainiacjoe_overflow_alcove_1,
          lightli_temple_of_fire, nicolae_hepliaklqana_hazy_memory,
          serial_shops, shop, uniq_sigmund
D:4:      layout_gridville, mainiacjoe_overflow_paths

Skill      XL: |  1  2  3  4  5  6 |
---------------+-------------------+-----
Stealth        | 2 |  2.9
Dodging        | 2 |  2.7
Spellcasting   | 3 |  3.6
Conjurations   | 2 |  2.6
Shields        | 1 2 |  2.3
Fire Magic     | |  3.8

Action                   |  1- 3 |  4- 6 || total
-------------------------+-------+-------++-------
Melee: Unarmed           |    54 |       ||    54
       Tailslap          |     9 |       ||     9
       Punch             |     1 |       ||     1
 Cast: Foxfire           |    48 |    56 ||   104
       Scorch            |     2 |    14 ||    16
  Use: Scroll            |       |     1 ||     1
 Stab: Sleeping          |     2 |       ||     2
Armor: Skin              |    21 |    15 ||    36
Dodge: Dodged            |    43 |    21 ||    64

Table legend: (Time is in decaauts)
 A = Elapsed time spent in this place.
 B = Non-inter-level travel time spent in this place.
 C = Inter-level travel time spent in this place.
 D = Time resting spent in this place.
 E = Time spent auto-exploring this place.
 F = Levels seen in this place.
 G = Mean time per level.
                   A        B        C        D        E       F      G
               +--------+--------+--------+--------+--------+-----+--------+
         Total |   4690 |   4378 |    312 |   1559 |   2106 |   4 | 1172.5 |
       Dungeon |   4690 |   4378 |    312 |   1559 |   2106 |   4 | 1172.5 |
               +--------+--------+--------+--------+--------+-----+--------+

Top non-repeatable levels by time:
     D:2: 1982 daAuts
     D:1: 1239 daAuts
     D:3: 1055 daAuts
     D:4: 413 daAuts
